 Dungeon Crawl Stone Soup version 0.30-a0-250-g41c1d76940 (webtiles) character file.

Game seed: 6331830662165212375

42427 ILmort the Grappler (level 14, -1/126 HPs)
             Began as a Ghoul Monk on Oct 12, 2022.
             Was a High Priest of Makhleb.
             Slain by a tyrant leech (13 damage)
             ... on level 5 of the Lair of Beasts.
             The game lasted 00:46:41 (19412 turns).

ILmort the Grappler (Ghoul Monk)                   Turns: 19412, Time: 00:46:42

Health: -1/126     AC: 22    Str: 20    XL:     14   Next: 19%
Magic:  19/19      EV:  6    Int:  5    God:    Makhleb [*****.]
Gold:   714        SH: 14    Dex: 11    Spells: 13/13 levels left

rFire   . . .      SeeInvis +      - Unarmed
rCold   + . .      Faith    .    D - +3 kite shield
rNeg    + + +      Spirit   .    K - +0 plate armour
rPois   ∞          Reflect  .    f - +1 helmet
rElec   .          Harm     .    m - +1 cloak
rCorr   .          Rampage  .    (no gloves)
Will    +....                    (no boots)
Stlth   ..........               (no amulet)
HPRegen 0.00/turn                j - +4 ring of protection
MPRegen 0.16/turn                p - ring of see invisible

@: inhibited regen, studying Short Blades, very slow
A: claws 1, cold resistance 1, negative energy resistance 3, inhibited
regeneration, torment resistance 2, devour on kill
a: Renounce Religion, Minor Destruction, Lesser Servant of Makhleb, Major
Destruction, Greater Servant of Makhleb


You were on level 5 of the Lair of Beasts.
You worshipped Makhleb.
Makhleb was extremely pleased with you.
You visited 3 branches of the dungeon, and saw 16 of its levels.

You collected 1112 gold pieces.
You spent 398 gold pieces at shops.

Inventory:

Hand Weapons
 b - a +1 scimitar of flaming
Missiles
 A - a throwing net
 L - 2 poisoned darts (quivered)
Armour
 f - a +1 helmet (worn)
 m - a +1 cloak (worn)
 D - a +3 kite shield (worn)
 K - a +0 plate armour (worn)
Jewellery
 j - a +4 ring of protection (left claw)
 p - a ring of see invisible (right claw)
 G - a ring of flight
 H - the amulet of the Present {Faith Int+5}
   (You took it off a gnoll on level 3 of the Dungeon)

   [amulet of faith]

   It allows you to gain divine favour quickly.
   Int:       It affects your intelligence (+5).
 I - a ring of willpower
Wands
 a - a wand of digging (1)
 t - a wand of flame (3)
 w - a wand of paralysis (7)
 x - a wand of iceblast (5)
 z - a wand of light (5)
 F - a wand of polymorph (7)
Scrolls
 e - 4 scrolls of amnesia
 k - 3 scrolls of vulnerability
 s - a scroll of poison
 u - 2 scrolls of magic mapping
 v - 3 scrolls of teleportation
 y - 2 scrolls of identify
 E - a scroll of enchant weapon {unknown}
 M - 2 scrolls of blinking {unknown}
 N - a scroll of immolation {unknown}
Potions
 c - 2 potions of magic
 g - 3 potions of heal wounds
 h - a potion of brilliance
 i - 3 potions of haste
 l - 2 potions of ambrosia
 n - 2 potions of resistance
 o - 7 potions of curing
 q - a potion of cancellation
 r - 2 potions of attraction
 B - 2 potions of invisibility
 C - 3 potions of flight
 J - a potion of lignification {unknown}
 P - a potion of berserk rage {unknown}
Miscellaneous
 O - a piece from Xom's chessboard (15/15)


   Skills:
 - Level 12.0 Fighting
 + Level 9.1 Armour
 - Level 2.6 Dodging
 - Level 2.1 Stealth
 - Level 10.0 Shields
 + Level 14.7 Unarmed Combat
 + Level 8.5 Invocations
 - Level 6.0 Evocations


You had 13 spell levels left.
You didn't know any spells.
Your spell library contained the following spells:

 Spells                   Type           Power      Damage    Failure   Level
 Freeze                   Ice            0%         1d3       100%        1
 Kiss of Death            Conj/Necr      0%         2d5       100%        1
 Necrotise                Necr           0%         1d4       100%        1
 Sandblast                Erth           0%         2d4       100%        1
 Ensorcelled Hibernation  Hex/Ice        0%         N/A       100%        2
 Passwall                 Tmut/Erth      0%         N/A       100%        2
 Confusing Touch          Hex            0%         N/A       100%        3
 Frozen Ramparts          Ice            0%         1d1       100%        3
 Hailstorm                Conj/Ice       0%         3d3       100%        3
 Stone Arrow              Conj/Erth      0%         3d7       100%        3
 Anguish                  Hex/Necr       0%         N/A       100%        4
 Animate Dead             Necr           0%         N/A       100%        4
 Dispel Undead            Necr           0%         3d6       100%        4
 Olgreb's Toxic Radiance  Pois           0%         N/A       100%        4
 Haunt                    Necr/Summ      0%         N/A       100%        7
 Ozocubu's Refrigeration  Ice            0%         4d7       100%        7
 Ignition                 Fire           0%         3d3       100%        8
 Infestation              Necr           0%         N/A       100%        8
 Spider Form              Tmut/Pois      Unusable   N/A       N/A         3

Dungeon Overview and Level Annotations

Branches:
Dungeon (10/15)            Temple (1/1) D:7            Lair (5/5) D:8
  Swamp (0/4) Lair:2       Spider (0/4) Lair:3        Slime (0/5) Lair:5
    Orc (0/2) D:10

Altars:
Ashenzari
Cheibriados
Dithmenos
Fedhas
Gozag
Hepliaklqana
Kikubaaqudgha
Makhleb
Nemelex Xobeh
Okawaru
Qazlal
Ru
Sif Muna
Trog
Uskayaw
Vehumet
Wu Jian
Xom
Yredelemnul

Shops:
D:4 (   D:10 *

Annotations:
D:7 1 runed translucent door, Anon1729's ghost, novice DgFi
Lair:1 2 transporters, Killmatronix's ghost, journeyman MiBr
Lair:5 1 runed translucent door


Innate Abilities, Weirdness & Mutations

You are immune to poison.
You have sharp fingernails.
Your flesh is cold resistant. (rC+)
You are immune to negative energy. (rN+++)
You do not regenerate when monsters are visible.
You are immune to unholy pain and torment.
You thrive by killing the living.


Message History

You miss the tyrant leech. The tyrant leech bites you!
You completely miss the tyrant leech. The tyrant leech bites you!!
You barely miss the tyrant leech. You block the tyrant leech's attack.
Your unstable footing causes you to fumble your attack.
Your unstable footing causes you to fumble your attack.
The tyrant leech bites you.
Your unstable footing causes you to fumble your attack.
The tyrant leech bites you!!
Throw: 3 darts (poison)
Aim: a tyrant leech (moderately wounded, 46% to hit)
You throw a poisoned dart.
The poisoned dart closely misses the tyrant leech.
You hear a splash.
The tyrant leech bites you!
* * * LOW HITPOINT WARNING * * *
You claw the tyrant leech!
Your unstable footing causes you to fumble your attack.
The tyrant leech bites you but does no damage.
You mangle the tyrant leech!! The tyrant leech bites you!
* * * LOW HITPOINT WARNING * * *
You closely miss the tyrant leech.
Your unstable footing causes you to fumble your attack.
The tyrant leech bites you but does no damage.
You miss the tyrant leech. You block the tyrant leech's attack.
You barely miss the tyrant leech. You block the tyrant leech's attack.
Your unstable footing causes you to fumble your attack.
Your unstable footing causes you to fumble your attack.
The tyrant leech bites you but does no damage.
You closely miss the tyrant leech.
Your unstable footing causes you to fumble your attack.
You block the tyrant leech's attack.
Your unstable footing causes you to fumble your attack.
The tyrant leech bites you!
* * * LOW HITPOINT WARNING * * *
Aiming: Minor Destruction (0% risk of failure)
Aim: a tyrant leech (almost dead)
The puff of flame hits the tyrant leech!
The tyrant leech is engulfed in a cloud of scalding steam.
The tyrant leech bites you!
You die...

.......#.~~****,,~~~~~~~~~~~~~~~~
.......#~~≈###*****##~~.~~~~~~~~~
#..##..#.≈~~~≈#####~~~~~,~~~~~~~~
##.#*##~~~~≈~~≈≈~.~~)!$~~,~~~~~~~
*#.##...≈≈~~~~~~~~~"$?(~~~~~~~~~
*###.~~~~~~~~~~.~~~($)~~,~~~~~~
##.~~~~≈≈~≈(~.~~~~~~***~~~~~
######..~~≈≈≈≈≈~≈~~~~~(#********~
....##..~~~≈~≈~~@w~~~~((~~,~*****
........~~≈≈~~~~~(~~≈#~~~~~~~,,**
.........~~≈~~~~~~####~~~~~~~~~~~
.........~~~~.~~~~~~#**~~~~~~~~~~
.......~~.†≈~~~~~~≈~~#**~~~~~~~~,
...........~≈~~~~~~~~#~~~~~~~~,,~
............P~~P~~~~~~~~~~~,,~~,,
.........###......~~~~P~~,~,~,,~,
...?#...## #####.....~,,,,,~,,,,,


You could see a tyrant leech.

Vanquished Creatures
  3 hydras
  An anaconda (Lair:5)
  Erica (D:8)
  A two-headed ogre (D:9)
  8 death yaks
  Amaemon (D:8)
  A lindwurm (Lair:4)
  Pikel (D:4)
  3 black mambas
  An orange demon (D:8)
  21 cane toads
  Maggie (D:8)
  An unseen horror (D:10)
  A torpor snail (Lair:4)
  8 komodo dragons
  4 rime drakes
  2 tyrant leeches (Lair:5)
  A hornet (D:9)
  8 dream sheep
  13 blink frogs
  Prince Ribbit (D:6)
  2 polar bears
  A wraith (D:9)
  56 yaks
  3 wyverns
  7 basilisks
  3 steam dragons
  3 vampire mosquitoes (Lair:5)
  An acid dragon (D:10)
  13 water moccasins
  2 swamp worms (Lair:2)
  4 orc warriors
  An ice beast (D:7)
  3 sky beasts
  An ogre (D:4)
  9 wolves
  2 centaurs
  2 lemures (D:4)
  A phantom (D:4)
  A kobold brigand (D:10)
  The ghost of WhatIsLove the Conjurer, an amateur TeCj (D:3)
  2 gnoll sergeants
  13 bullfrogs
  2 necrophages (D:7)
  4 scorpions
  3 wights (D:9)
  6 killer bees (D:10)
  An electric eel (Lair:5)
  2 jellies
  Crazy Yiuf (D:7)
  A gnoll bouda (D:3)
  6 orc priests
  6 hounds
  An iguana (D:6)
  10 orc wizards
  25 gnolls
  7 adders
  A white imp (D:7)
  A worm (D:5)
  3 dart slugs
  46 orcs
  5 ball pythons
  8 endoplasms
  5 giant cockroaches
  6 goblins
  8 hobgoblins
  4 jackals
  5 quokkas
  8 bats
  A frilled lizard (D:2)
  12 kobolds
  4 rats
  A butterfly (D:1)
406 creatures vanquished.

Vanquished Creatures (others)
  22 fungi
  111 plants
133 creatures vanquished.

Grand Total: 539 creatures vanquished

Notes
Turn   | Place    | Note
-------+----------+-------------------------------------------
     0 | D:1      | ILmort the Ghoul Monk began the quest for the Orb.
     0 | D:1      | Reached XP level 1. HP: 19/19 MP: 0/0
   145 | D:1      | Reached XP level 2. HP: 20/26 MP: 1/1
   188 | D:1      | Reached skill level 4 in Unarmed Combat
   207 | D:1      | Found a faded altar of an unknown god.
   452 | D:1      | Reached XP level 3. HP: 24/31 MP: 2/2
  1100 | D:2      | Reached skill level 5 in Unarmed Combat
  1105 | D:2      | Reached XP level 4. HP: 9/38 MP: 3/3
  1593 | D:3      | Reached skill level 6 in Unarmed Combat
  1595 | D:3      | Reached XP level 5. HP: 35/45 MP: 4/4
  1835 | D:3      | Found a transporter.
  1841 | D:3      | Found a transporter.
  2303 | D:4      | Reached XP level 6. HP: 32/52 MP: 5/5
  2450 | D:4      | Reached skill level 7 in Unarmed Combat
  2528 | D:4      | Reached XP level 7. HP: 60/60 MP: 6/6
  2782 | D:4      | Found Moul's Antique Weapon Shoppe.
  2889 | D:4      | Reached skill level 5 in Fighting
  2889 | D:4      | Reached skill level 8 in Unarmed Combat
  3055 | D:5      | Entered Level 5 of the Dungeon
  3114 | D:5      | Noticed Pikel
  3228 | D:4      | Killed Pikel
  3229 | D:4      | Reached skill level 9 in Unarmed Combat
  3229 | D:4      | Reached XP level 8. HP: 42/70 MP: 7/7
  3492 | D:5      | Found a sacrificial altar of Ru.
  3828 | D:5      | Noticed a wyvern
  3839 | D:5      | Killed a wyvern
  3840 | D:5      | Reached skill level 10 in Unarmed Combat
  4095 | D:5      | Found a shimmering blue altar of Sif Muna.
  4102 | D:5      | Found an ancient bone altar of Kikubaaqudgha.
  4118 | D:5      | Got Kikubaaqudgha's Exposition on Malignant Deeds
  4124 | D:5      | Found a radiant altar of Vehumet.
  4266 | D:3      | Noticed WhatIsLove's ghost (amateur TeCj)
  4294 | D:3      | Identified the amulet of the Present {Faith Int+5}
  4647 | D:3      | Killed WhatIsLove's ghost
  4804 | D:6      | Noticed Prince Ribbit
  4815 | D:6      | Killed Prince Ribbit
  4816 | D:6      | Reached skill level 11 in Unarmed Combat
  4816 | D:6      | Reached XP level 9. HP: 79/79 MP: 8/8
  5295 | D:6      | Reached skill level 1 in Evocations
  5567 | D:6      | Reached skill level 1 in Shields
  6322 | D:6      | Reached skill level 12 in Unarmed Combat
  6510 | D:7      | Reached XP level 10. HP: 88/88 MP: 9/9
  6568 | D:7      | Found a staircase to the Ecumenical Temple.
  6654 | Temple   | Entered the Ecumenical Temple
  7034 | D:7      | Found a runed translucent door.
  7035 | D:7      | Noticed Crazy Yiuf
  7042 | D:7      | Killed Crazy Yiuf
  7317 | D:7      | Found a runed translucent door.
  7317 | D:7      | Noticed Anon1729's ghost (novice DgFi)
  7519 | D:8      | Noticed an orange demon
  7519 | D:8      | Noticed Amaemon
  7539 | D:8      | Killed an orange demon
  7554 | D:8      | Killed Amaemon
  7687 | D:8      | Noticed a death yak
  7725 | D:9      | Reached skill level 5 in Shields
  7886 | D:9      | Reached skill level 13 in Unarmed Combat
  8392 | D:9      | Noticed a two-headed ogre
  8396 | D:9      | Killed a two-headed ogre
  8541 | D:9      | Reached XP level 11. HP: 90/94 MP: 10/10
  8701 | D:9      | Found an opulent altar of Gozag.
  8775 | D:9      | Reached skill level 14 in Unarmed Combat
  8875 | D:10     | Entered Level 10 of the Dungeon
  8907 | D:8      | Killed a death yak
  8908 | D:8      | Reached skill level 1 in Armour
  9030 | D:8      | Noticed a death yak
  9056 | D:8      | Noticed a death yak
  9130 | D:8      | Noticed a death yak
  9130 | D:8      | Noticed a death yak
  9155 | D:9      | Killed a death yak
  9338 | D:8      | Found a hide-covered altar of Uskayaw.
  9603 | D:8      | Found a staircase to the Lair.
  9624 | D:8      | Noticed Maggie
  9643 | D:8      | Killed Maggie
  9744 | D:8      | Noticed Erica
  9758 | D:8      | Killed Erica
  9759 | D:8      | Reached skill level 5 in Evocations
 10017 | D:8      | Killed a death yak
 10041 | D:8      | Killed a death yak
 10053 | D:8      | Killed a death yak
 10808 | D:10     | Found a staircase to the Orcish Mines.
 10869 | D:10     | Reached XP level 12. HP: 95/104 MP: 11/11
 10884 | D:10     | Found a burning altar of Makhleb.
 10897 | D:10     | Became a worshipper of Makhleb the Destroyer
 10897 | D:10     | Reached * piety under Makhleb
 10897 | D:10     | Reached ** piety under Makhleb
 10929 | D:10     | Found a snail-covered altar of Cheibriados.
 10948 | D:10     | Found a stormy altar of Qazlal.
 11049 | D:10     | Found Dijoy's Gadget Gallery.
 11055 | D:10     | Bought a wand of flame (3) for 25 gold pieces
 11055 | D:10     | Bought a wand of paralysis (7) for 201 gold pieces
 11055 | D:10     | Bought a wand of iceblast (6) for 172 gold pieces
 11305 | Lair:1   | Entered Level 1 of the Lair of Beasts
 11475 | Lair:1   | Found a transporter.
 11475 | Lair:1   | Noticed Killmatronix's ghost (journeyman MiBr)
 11476 | Lair:1   | Found a transporter.
 11596 | Lair:1   | Reached skill level 10 in Fighting
 11790 | Lair:1   | Noticed a death yak
 11799 | Lair:1   | Noticed a death yak
 11803 | Lair:1   | Noticed a death yak
 11817 | Lair:1   | Killed a death yak
 11818 | Lair:1   | Reached skill level 5 in Armour
 11820 | Lair:1   | Killed a death yak
 11834 | Lair:1   | Killed a death yak
 12257 | Lair:1   | Reached skill level 1 in Invocations
 12519 | Lair:2   | Identified the +4 scale mail of Minor Irritation {Harm rF-
                  | rN++ Int+4}
 12541 | Lair:2   | Reached *** piety under Makhleb
 13301 | Lair:2   | Found a staircase to the Swamp.
 13514 | Lair:2   | Reached XP level 13. HP: 108/116 MP: 14/14
 14106 | Lair:3   | Found a hole to the Spider Nest.
 14337 | Lair:3   | You fall into a shaft and drop 2 floors!
 14337 | Lair:5   | Entered Level 5 of the Lair of Beasts
 14544 | Lair:5   | Found a runed translucent door.
 15116 | Lair:3   | Reached skill level 5 in Invocations
 15136 | Lair:3   | Reached skill level 10 in Shields
 15609 | Lair:4   | Reached **** piety under Makhleb
 18061 | Lair:5   | Reached ***** piety under Makhleb
 18343 | Lair:5   | Reached XP level 14. HP: 89/126 MP: 18/18
 19412 | Lair:5   | Slain by a tyrant leech

Illustrated notes

Levels and vault maps discovered:
D:1:      roderic_octagonal_star, layout_basic, shapermc_ecumenical_altar_gd,
          hangedman_glass_garden, serial_bayou_lagoon_a, st_stairs_8
D:2:      layout_rooms, hangedman_decor_clover_reticule
D:3:      layout_loops_ring, gammafunk_ghost_gnarly_gnolls
D:4:      minmay_diamond_boxcup, layout_rooms, serial_shops,
          nicolae_shop_hallway_plus
D:5:      layout_basic, palyth_temple_overflow_mages, nicolae_ru_path_of_blood,
          lemuel_round_altar, minmay_misc_feat_nine_boxes, uniq_pikel
D:6:      layout_cave_pools, abandoned_shop, uniq_prince_ribbit1
D:7:      layout_loops_ring, temple_pool_b, gammafunk_ghost_grave,
          chequers_serial_rivers_micro_b, nicolae_elevator_lobby_plus,
          uniq_crazy_yiuf_cottage
D:8:      kennysheep_steamy, layout_basic, lemuel_doored_altar,
          dpeg_lair_monsters, sigmund_army, uniq_maggie, uniq_erica,
          uniq_amaemon
D:9:      layout_roguey, pdpol_temple_overflow_zin_treasury_gozag_greed
D:10:     layout_basic, mainiacjoe_overflow_six_doors_small,
          mainiacjoe_overflow_big_doors, minmay_orc_entry_temple_small,
          nicolae_shop_gadgets
Temple:   hellmonk_temple_of_storms
Lair:1:   layout_chaotic_city, gammafunk_ghost_arena, lemuel_fruit_fields
Lair:2:   layout_cave_pods, minmay_swamp_entry_worms, ldierk_geyser
Lair:3:   layout_regular_city, spider_nest_entry_web_field, beast_lair_carwin_10
Lair:4:   layout_regular_city
Lair:5:   minmay_lair_end_frog_pond, layout_hall_layers, slime_entry_2,
          nicolae_volcano_entry_vermiform

Skill      XL: |  1  2  3  4  5  6  7  8  9 10 11 12 13 14 |
---------------+-------------------------------------------+-----
Unarmed Combat | 4 5 6 7 9 11 12 13 14 | 14.7
Fighting       | 4 6 7 8 9 11 12 | 12.0
Evocations     | 3 4 5 6 |  6.0
Shields        | 3 6 8 9 10 | 10.0
Armour         | 3 6 8 9 |  9.1
Invocations    | 3 7 8 |  8.5
Dodging        | |  2.6
Stealth        | |  2.1

Action                   |  1- 3 |  4- 6 |  7- 9 | 10-12 | 13-15 || total
-------------------------+-------+-------+-------+-------+-------++-------
Melee: Unarmed           |   102 |   145 |   284 |   732 |   573 ||  1836
       Punch             |     3 |     2 |    18 |       |       ||    23
 Fire: Sling             |     4 |     5 |       |       |       ||     9
Throw: Dart              |       |       |     7 |    18 |    21 ||    46
       Throwing net      |       |       |     1 |     1 |     2 ||     4
Invok: Minor Destruction |       |       |       |       |     1 ||     1
Evoke: Wand              |       |       |       |     1 |     6 ||     7
  Use: Potion            |       |       |     3 |       |     1 ||     4
       Scroll            |       |       |     8 |    11 |    10 ||    29
 Stab: Sleeping          |     4 |     3 |     2 |       |       ||     9
       Invisible         |       |       |       |       |     5 ||     5
Armor: Robe              |    22 |    48 |    29 |       |       ||    99
       Scale mail        |       |       |    87 |       |       ||    87
       Plate armour      |       |       |    41 |   379 |   308 ||   728
Dodge: Dodged            |    66 |    93 |   109 |   114 |   103 ||   485
Block: Kite shield       |       |       |    15 |   342 |   348 ||   705

Table legend: (Time is in decaauts)
 A = Elapsed time spent in this place.
 B = Non-inter-level travel time spent in this place.
 C = Inter-level travel time spent in this place.
 D = Time resting spent in this place.
 E = Time spent auto-exploring this place.
 F = Levels seen in this place.
 G = Mean time per level.
                   A        B        C        D        E       F      G
               +--------+--------+--------+--------+--------+-----+--------+
         Total |  19227 |  18510 |    717 |   5083 |   9437 |  16 | 1201.7 |
       Dungeon |  11154 |  10571 |    583 |   2277 |   5921 |  10 | 1115.4 |
        Temple |     41 |     41 |      0 |      0 |     24 |   1 |   41.0 |
          Lair |   8031 |   7898 |    133 |   2805 |   3491 |   5 | 1606.2 |
               +--------+--------+--------+--------+--------+-----+--------+

Top non-repeatable levels by time:
  Lair:4: 2665 daAuts
     D:8: 1808 daAuts
     D:5: 1730 daAuts
  Lair:5: 1691 daAuts
     D:9: 1336 daAuts
  Lair:2: 1315 daAuts
     D:3: 1243 daAuts
  Lair:1: 1194 daAuts
  Lair:3: 1163 daAuts
     D:1: 1003 daAuts
     D:6: 989 daAuts
     D:7: 972 daAuts
     D:4: 884 daAuts
    D:10: 629 daAuts
     D:2: 556 daAuts
